 Dungeon Crawl Stone Soup version 0.21.1-1-g345015fe64 (webtiles) character file.

1290 Peloso the Slasher (level 8, -2/54 HPs)
             Began as a Halfling Fighter on June 22, 2018.
             Was a Follower of Okawaru.
             Slain by an orc warrior
             ... wielding a +0 glaive
              (14 damage)
             ... on level 6 of the Dungeon.
             The game lasted 00:14:12 (5304 turns).

Peloso the Slasher (Halfling Fighter)               Turns: 5304, Time: 00:14:13

Health: -2/54      AC: 13    Str: 19    XL:     8   Next: 86%
Magic:  17/17      EV:  7    Int:  6    God:    Okawaru [*.....]
Gold:   349        SH: 11    Dex: 14    Spells: 7/7 levels left

rFire    . . .     SeeInvis .   a - +0 long sword (slice)
rCold    . . .     Gourm    .   c - +0 shield
rNeg     . . .     Faith    .   p - +0 plate armour
rPois    .         Spirit   .   g - +0 helmet (curse)
rElec    .         Reflect  .   (no cloak)
rCorr    .         Harm     .   (no gloves)
MR       .....                  (no boots)
Stlth    ..........             q - amulet of regeneration
HPRegen  0.58/turn              u - ring of magical power
MPRegen  0.15/turn              d - +1 ring of evasion

@: no status effects
A: small, mutation resistance 1
a: Heroism, Renounce Religion


You were on level 6 of the Dungeon.
You worshipped Okawaru.
Okawaru was aware of your devotion.
You were not hungry.

You visited 1 branch of the dungeon, and saw 6 of its levels.
You also visited: Sewer.

You collected 349 gold pieces.

Inventory:

Hand Weapons
 a - a +0 long sword of slicing (weapon)
 w - a +0 hand crossbow
Armour
 c - a +0 shield (worn)
 g - a cursed +0 helmet (worn)
 p - a +0 plate armour (worn)
Jewellery
 d - a +1 ring of evasion (right hand)
 q - an amulet of regeneration (around neck)
 r - an uncursed amulet of faith
 u - a ring of magical power (left hand)
Wands
 t - a wand of iceblast (11)
 v - a wand of enslavement (7)
Scrolls
 e - a scroll of noise {unknown}
 i - 2 scrolls of enchant weapon
 l - 5 scrolls of teleportation
 n - a scroll of remove curse
 o - a scroll of enchant armour {unknown}
Potions
 b - 2 potions of mutation
 h - 2 potions of agility
 j - 3 potions of heal wounds
 k - a potion of curing {unknown}
 m - 3 potions of flight {unknown}
 s - 2 potions of brilliance {unknown}
Comestibles
 f - 16 rations


   Skills:
 + Level 3.7 Fighting
 + Level 6.7 Long Blades
 + Level 5.7 Armour
 + Level 1.5 Dodging
 + Level 6.7 Shields


You had 7 spell levels left.
You didn't know any spells.

Dungeon Overview and Level Annotations

Branches:
Dungeon (6/15)             Temple (0/1) D:4

Altars:
Cheibriados
Kikubaaqudgha
Okawaru
Ru
Xom
Yredelemnul
The Shining One

Annotations:
D:6 Evaline's ghost, novice GrFi


Innate Abilities, Weirdness & Mutations

You are small and have problems with some larger weapons.
You are somewhat resistant to further mutation.


Message History

Your shield and plate armour prevent you from hitting the centaur.
The centaur is heavily wounded.
The centaur hits you but does no damage.
The orc warrior hits you from afar with a glaive!
The centaur hits you.
You hit the centaur.
The centaur is almost dead.
The centaur hits you.
The orc warrior hits you from afar with a glaive!!
* * * LOW HITPOINT WARNING * * *
You barely miss the centaur.
The centaur is almost dead.
You block the centaur's attack. You block the orc warrior's attack.
The centaur barely misses you.
You riposte.
You hit the centaur.
You kill the centaur!
Okawaru accepts your kill.
Your shield and plate armour prevent you from hitting the worker ant.
You block the worker ant's attack.
The orc warrior hits you from afar with a glaive!
You die...

#.........##....#........#.#
#.##.####)#######......#....
#.##.## #.# #.#...####.#
#.##..# #.# #+##.## #.#
#.###.# #.# ...### #.. #.#
#.###.# .... ### #.###.#.#.#
..... #.........###oo$...
#####.....(@aoo.... .....
#....####o..... ###.. #.#.##
..... ##. #.### .... ## #.#
... #.# +# #.#


You could see an orc warrior, a worker ant and 4 orcs.

Vanquished Creatures
  Prince Ribbit (D:5)
  An ice beast (D:6)
  The ghost of Lentor the Slasher, an amateur MiBe of Trog (D:3)
  3 centaurs
  A big kobold (Sewer)
  A gnoll sergeant (D:4)
  2 crimson imps
  A centaur skeleton (D:4)
  An orc priest (D:4)
  2 orc wizards
  An iguana (D:6)
  Ijyb (D:5)
  2 worker ants
  A hound skeleton (D:6)
  5 adders
  7 gnolls
  3 river rats (Sewer)
  2 worms (D:2)
  4 dart slugs
  5 leopard geckos
  13 orcs
  A ball python (D:3)
  5 bats
  3 giant cockroaches
  6 hobgoblins
  2 jackals (Sewer)
  2 quokkas
  3 frilled lizards
  7 goblins
  17 kobolds
  17 rats
121 creatures vanquished.

Notes
Turn   | Place    | Note
-------+----------+-------------------------------------------
     0 | D:1      | Peloso the Halfling Fighter began the quest for the Orb.
     0 | D:1      | Reached XP level 1. HP: 15/15 MP: 1/1
   179 | D:1      | Reached XP level 2. HP: 20/20 MP: 2/2
   530 | D:1      | Reached XP level 3. HP: 18/26 MP: 3/3
   957 | D:2      | Found a snail-covered altar of Cheibriados.
  1178 | D:2      | Reached XP level 4. HP: 28/31 MP: 4/4
  1258 | D:2      | Reached skill level 1 in Dodging
  1605 | D:3      | Noticed Lentor's ghost (amateur MiBe)
  1625 | D:3      | Killed Lentor's ghost
  1625 | D:3      | Reached XP level 5. HP: 16/36 MP: 5/5
  1627 | D:3      | Reached XP level 6. HP: 19/42 MP: 6/6
  1825 | D:3      | Found a glowing drain.
  1856 | Sewer    | Entered a sewer
  2007 | Sewer    | Found a white marble altar of Elyvilon.
  2136 | D:3      | Reached XP level 7. HP: 39/46 MP: 7/7
  2278 | D:3      | Found a glowing golden altar of the Shining One.
  2279 | D:3      | Found a sacrificial altar of Ru.
  2279 | D:3      | Found a basalt altar of Yredelemnul.
  2281 | D:3      | Found a shimmering altar of Xom.
  3116 | D:4      | Reached skill level 5 in Shields
  3622 | D:4      | Reached skill level 5 in Long Blades
  3889 | D:4      | Found an iron altar of Okawaru.
  4009 | D:4      | Found a staircase to the Ecumenical Temple.
  4168 | D:4      | Became a worshipper of Warmaster Okawaru
  4436 | D:5      | Entered Level 5 of the Dungeon
  4485 | D:5      | Found an ancient bone altar of Kikubaaqudgha.
  4589 | D:5      | Noticed Prince Ribbit
  4600 | D:5      | Reached skill level 5 in Armour
  4602 | D:5      | Reached XP level 8. HP: 52/52 MP: 8/8
  4632 | D:5      | Killed Prince Ribbit
  4742 | D:5      | Noticed Ijyb
  4749 | D:5      | Killed Ijyb
  5032 | D:6      | Noticed Evaline's ghost (novice GrFi)
  5104 | D:6      | Reached * piety under Okawaru
  5274 | D:6      | Found the cursed +13 scythe of Curses {drain, *Curse}
  5304 | D:6      | Slain by an orc warrior

Skill      XL: |  1  2  3  4  5  6  7  8 |
---------------+-------------------------+-----
Fighting       | 3 |  3.7
Shields        | 4 5 6 |  6.7
Dodging        | 1 |  1.5
Long Blades    | 3 4 5 6 |  6.7
Armour         | 4 5 |  5.7

Action                   |  1- 3 |  4- 6 |  7- 9 || total
-------------------------+-------+-------+-------++-------
Melee: Long sword        |   125 |   171 |   237 ||   533
  Use: Potion            |       |     1 |     1 ||     2
       Scroll            |       |     7 |     2 ||     9
  Eat: Chunk             |     1 |     3 |     8 ||    12
       Ration            |       |       |     1 ||     1
Armor: Scale mail        |    52 |    21 |       ||    73
       Chain mail        |       |    58 |    21 ||    79
       Plate armour      |       |       |    72 ||    72
Dodge: Dodged            |    50 |    66 |    68 ||   184
Block: Shield            |    68 |   121 |   148 ||   337
       Rpst.: Long sword |    13 |    17 |    18 ||    48
